 Dungeon Crawl Stone Soup version 0.31-a0-851-g7ff8af7976 (webtiles) character file.

Game seed: 17546407985057817429

2 Nattfarinn the Changeling (level 1, 0/15 HPs)
             Began as a Formicid Shapeshifter on Oct 5, 2023.
             Slain by a ball python (1 damage)
             ... on level 1 of the Dungeon.
             The game lasted 00:00:18 (81 turns).

Nattfarinn the Changeling (Formicid Shapeshifter)     Turns: 81, Time: 00:00:18

Health: 0/15       AC:  2    Str: 18    XL:     1   Next: 44%
Magic:  1/1        EV:  9    Int:  9    God:
Gold:   3          SH:  0    Dex: 13    Spells: 0/0 levels left

rFire   . .          .
                       - Unarmed
rCold   . . .        (no shield)
rNeg    . . .        a - +0 animal skin
rPois   .            (helmet unavailable)
rElec   .            (cloak currently unavailable)
rCorr   .            (gloves currently unavailable)
SInv    +            (boots currently unavailable)
Will    .....        (no amulet)
Stlth   +            (no ring)
HPRegen 0.22/turn    (no ring)
MPRegen 0.07/turn

%: no passive effects
@: beast-form, constricted
A: beast (slay +1), permanent stasis, dig shafts and tunnels, antennae 3, four
strong arms
a: Dig, Shaft Self, Begin Untransformation


You were on level 1 of the Dungeon.
You were a hulking beast.
You visited 1 branch of the dungeon, and saw 1 of its levels.

You collected 3 gold pieces.

Inventory:

Armour
 a - a +0 animal skin (worn)
Talismans
 c - a beast talisman (active)
 d - a flux talisman
Potions
 b - a potion of lignification
 e - a potion of brilliance {unknown}


   Skills:
 * Level 1.4 Fighting
 + Level 0.3 Armour
 - Level 1.7 Dodging
 - Level 3.0 Unarmed Combat
 - Level 3.2 Shapeshifting


You couldn't memorise any spells.
You didn't know any spells.
Your spell library was empty.

Dungeon Overview and Level Annotations

Branches:
Dungeon (1/15)

Altars:


Innate Abilities, Weirdness & Mutations

You are a hulking beast.
Your limbs bulge with bestial killing power. (Slay +1)
You cannot be hasted, slowed, berserked, paralysed or teleported.
You can dig through walls and to a lower floor.
You have a pair of large antennae on your head. (SInv)
Your four strong arms can wield two-handed weapons with a shield.


Message History

A jackal, a bat and a kobold come into view.
Found a mace and a fuming dark potion.
A kobold comes into view. It is wielding a +0 whip.
Found 13 gold pieces.
The kobold shouts! x2; The jackal barks!
The bat hits you but does no damage.
You hear a bark!
You hit the kobold.
You kill the kobold!
The bat barely misses you. The bat hits you but does no damage.
The kobold hits you with a +0 dagger.
You barely miss the kobold. The bat hits you but does no damage.
A jackal comes into view.
The kobold closely misses you.
You hit the jackal but do no damage. The bat barely misses you.
The jackal barely misses you.
You hit the jackal.
You kill the jackal!
The bat barely misses you. The kobold hits you with a +0 dagger.
The ball python bites you. The ball python barely misses you.
You closely miss the bat. The bat misses you. The bat barely misses you.
The kobold hits you but does no damage. The ball python barely misses you.
The ball python misses you.
You hit the bat.
You kill the bat!
The ball python bites you. The ball python closely misses you.
The kobold hits you but does no damage.
You closely miss the kobold. The ball python bites you.
The ball python grabs you. The ball python constricts you.
A rat comes into view.
The kobold hits you but does no damage. The ball python bites you.
* * * LOW HITPOINT WARNING * * *
The ball python constricts you.
* * * LOW HITPOINT WARNING * * *
You are too injured to fight recklessly!
The ball python's grasp on you weakens, but your attempt to escape fails.
The jackal bites you.
* * * LOW HITPOINT WARNING * * *
The kobold barely misses you. The ball python bites you.
You die...

.#######.#
#.#.# {
#.......# #.#.#
#.#####.# #...#
{#.#...#.#
##### #.#.#.#.#
#.###.#.#####.#
#.....#.......#
#######.#######
{{ #.hhK...#
.r....#)S.#.#
.)...#..#.# {
{..!..........
.......$...#.#
.....#.##.. .#
#...... ..# #
##..# ...


You could see a jackal, a ball python, a kobold and a rat.

Vanquished Creatures
  A jackal (D:1)
  A bat (D:1)
  A kobold (D:1)
3 creatures vanquished.

Notes
Turn   | Place    | Note
-------+----------+-------------------------------------------
     0 | D:1      | Nattfarinn the Formicid Shapeshifter began the quest for
                  | the Orb.
     0 | D:1      | Reached XP level 1. HP: 15/15 MP: 1/1
    81 | D:1      | Slain by a ball python

Illustrated notes

Levels and vault maps discovered:
D:1:      matt_arrival_spirals, layout_rooms, interstate_on_off,
          wander_ebering_terrifying_dragon_lair

Action                     || total
---------------------------++-------
  Melee: Unarmed           ||     7
 Armour: Animal skin       ||    14
  Dodge: Dodged            ||    12

Table legend: (Time is in decaauts)
 A = Elapsed time spent in this place.
 B = Non-inter-level travel time spent in this place.
 C = Inter-level travel time spent in this place.
 D = Time resting spent in this place.
 E = Time spent auto-exploring this place.
 F = Levels seen in this place.
 G = Mean time per level.
                   A        B        C        D        E       F      G
               +--------+--------+--------+--------+--------+-----+--------+
         Total |     80 |     80 |      0 |      0 |     64 |   1 |   80.0 |
       Dungeon |     80 |     80 |      0 |      0 |     64 |   1 |   80.0 |
               +--------+--------+--------+--------+--------+-----+--------+

Top non-repeatable levels by time:
     D:1: 80 daAuts
